 Dungeon Crawl Stone Soup version 0.17-a0-1635-gd4e48f1 (webtiles) character file.

704 wvc the Basher (level 7, -1/62 HPs)
             Began as a Troll Gladiator on Aug 4, 2015.
             Was an Initiate of Jiyva.
             Slain by a minotaur
             ... wielding a +0 great sword
             ... created by the fury of Okawaru
              (10 damage)
             ... on level 5 of the Dungeon.
             The game lasted 00:10:40 (3752 turns).

wvc the Basher (Troll Gladiator)                    Turns: 3752, Time: 00:10:40

Health: -1/62      AC:  6    Str: 23    XL:     7   Next: 39%
Magic:  6/6        EV: 10    Int:  4    God:    Jiyva [......]
Gold:   280        SH:  0    Dex:  9    Spells: 1 memorised, 4 levels left

rFire  . . .     SeeInvis .     A - +1 quarterstaff of the Middle {freeze, rPois MR+ Dex-4} (curse)
rCold  . . .     Clarity  .     m - +0 robe (curse)
rNeg   . . .     SustAt   .     (no shield)
rPois  +         Gourm    +     c - +1 hat
rElec  .         Spirit   .     (no cloak)
rCorr  .         Warding  .     (gloves unavailable)
rMut   .         Stasis   .     (boots unavailable)
MR     ++...                    j - amulet of regeneration
Stlth  +.........               (no ring)
                                n - ring of protection from magic

@: very resistant to hostile enchantments, very unstealthy
A: unfitting armour, claws 3, fast metabolism 3, gourmand, regeneration 2,
shaggy fur 1, tough skin 2
a: Renounce Religion


You were on level 5 of the Dungeon.
You worshipped Jiyva.
Jiyva was noncommittal.
You were not hungry.

You visited 2 branches of the dungeon, and saw 6 of its levels.

You collected 280 gold pieces.

Inventory:

Hand weapons
 a - a +0 flail
 w - a +3 war axe of electrocution
 A - the cursed +1 quarterstaff of the Middle (weapon) {freeze, rPois MR+ Dex-4}
   (You found it on level 5 of the Dungeon)

   It has been specially enchanted to freeze those struck by it, causing extra
   injury to most foes and up to half again as much damage against particularly
   susceptible opponents.
   It can also slow down cold-blooded creatures.
   It affects your dexterity (-4).
   It protects you from poison.
   It affects your resistance to hostile enchantments.
   It has a curse placed upon it.
Missiles
 d - 3 throwing nets (quivered)
 g - 31 poisoned needles
Armour
 c - a +1 hat (worn)
 m - a cursed +0 robe (worn)
Jewellery
 j - an amulet of regeneration (around neck)
 n - a ring of protection from magic (left claw)
 z - a +3 ring of dexterity {unknown}
Magical devices
 i - a wand of disintegration (11)
Scrolls
 h - 2 scrolls of magic mapping
 l - a scroll of amnesia
 p - a scroll of enchant weapon
 y - a scroll of identify
Potions
 b - a potion of mutation {unknown}
 o - 2 potions of curing {unknown}
 q - a potion of brilliance {unknown}
 s - a potion of invisibility {unknown}
 t - a potion of poison {unknown}
 x - a potion of resistance {unknown}
Books
 r - a book of Transfigurations

   Spells                             Type                      Level
   a - Stoneskin                      Transmutation/Earth          2
   b - Irradiate                      Conjuration/Transmutation    5
   c - Statue Form                    Transmutation/Earth          6
   d - Hydra Form                     Transmutation                6
   e - Dragon Form                    Transmutation                7
Comestibles
 e - 5 bread rations
 k - 3 beef jerkies
 u - a royal jelly
 v - a meat ration


   Skills:
 - Level 1.5 Fighting
 * Level 8.0 Maces & Flails
 - Level 1.7 Throwing
 - Level 2.4 Dodging
 + Level 0.3 Earth Magic


You had 4 spell levels left.
You knew the following spells:

 Your Spells              Type           Power        Failure   Level  Hunger
a - Stoneskin             Trmt/Erth      #.......     83%         2    ###....


Dungeon Overview and Level Annotations

Branches:
Dungeon (5/15)             Temple (1/1) D:4

Altars:
Ashenzari
Dithmenos
Elyvilon
Fedhas
Gozag
Kikubaaqudgha
Makhleb
Okawaru
Qazlal
Sif Muna
Trog
Xom
Yredelemnul
Zin
The Shining One
Jiyva


Innate Abilities, Weirdness & Mutations

You are too large for most types of armour.
You have claws for hands.
Your metabolism is lightning-fast.
You like to eat raw meat.
You heal very quickly.
You are covered in fur (AC +1).
You have very tough skin (AC +2).


Message History

4 orcs, an orc warrior and a minotaur come into view.
The orc shouts! x4
Found an escape hatch in the ceiling.
The orc misses you.
There is an escape hatch in the ceiling here.
You hit the orc. You freeze the orc.
You kill the orc!
That felt strangely unrewarding.
You hit the orc. You freeze the orc.
You kill the orc!
That felt strangely unrewarding.
You hit the minotaur but do no damage.
The minotaur hits you with a great sword!!
The minotaur gores you!
You sock the minotaur! You freeze the minotaur.
The minotaur is lightly wounded.
The minotaur hits you with a great sword!
* * * LOW HITPOINT WARNING * * *
The minotaur gores you!
You die...

J....##............).....#.......
......#.#...####..#......#.....#.
#.......#...## ##.#......#.#.....
#.._.........# #..........#.###.
.............# ##.......###.....
.............## #.......# ######
..............#####......#
...............o.##......#
....#........ooH@##......########
....#............##>.............
....#.........######.............
....#.........# #####.........
....#.........# #.........
....####.####.. ########## ....#
#.# ### ....# ....#


You could see a minotaur, an orc warrior and 2 orcs.

Vanquished Creatures
  An orc warrior (D:4)
  A phantom (D:4)
  A scorpion (D:5)
  2 crimson imps (D:5)
  An orc wizard (D:5)
  An orc priest (D:4)
  A jelly (D:5)
  A giant frog skeleton (D:4)
  A hound (D:4)
  An iguana (D:4)
  A centaur skeleton (D:5)
  4 worker ants
  A hound zombie (D:4)
  4 gnolls (D:4)
  4 adders
  A shadow imp (D:5)
  6 oozes
  A worm (D:2)
  A giant gecko (D:5)
  10 orcs
  3 ball pythons
  4 giant cockroaches
  9 hobgoblins
  2 jackals (D:3)
  5 kobolds
  4 quokkas
  8 bats
  2 giant newts
  4 goblins
  A jackal skeleton (D:5)
  A jackal zombie (D:4)
  A quokka skeleton (D:5)
  4 rats
  A spectral orc (D:2)
93 creatures vanquished.

Vanquished Creatures (others)
  A crimson imp (D:5)
  2 jellies (D:5)
3 creatures vanquished.

Grand Total: 96 creatures vanquished

Notes
Turn   | Place    | Note
--------------------------------------------------------------
     0 | D:1      | wvc the Troll Gladiator began the quest for the Orb.
     0 | D:1      | Reached XP level 1. HP: 19/19 MP: 0/0
   280 | D:1      | Reached skill level 3 in Maces & Flails
   367 | D:1      | Reached XP level 2. HP: 27/27 MP: 1/1
  1190 | D:2      | Reached XP level 3. HP: 29/33 MP: 2/2
  1397 | D:2      | Reached skill level 4 in Maces & Flails
  1689 | D:2      | Found a basalt altar of Yredelemnul.
  1948 | D:3      | Reached XP level 4. HP: 41/41 MP: 3/3
  2155 | D:3      | Found a white marble altar of Elyvilon.
  2399 | D:4      | Found a staircase to the Ecumenical Temple.
  2409 | D:4      | Reached skill level 5 in Maces & Flails
  2410 | D:4      | Reached XP level 5. HP: 31/48 MP: 4/4
  2429 | Temple   | Entered the Ecumenical Temple
  2436 | Temple   | Became a worshipper of Warmaster Okawaru
  2564 | D:4      | Reached skill level 6 in Maces & Flails
  2669 | D:4      | Reached XP level 6. HP: 51/55 MP: 5/5
  2709 | D:4      | Found an opulent altar of Gozag.
  2772 | D:4      | Noticed a phantom
  2790 | D:4      | Killed a phantom
  2790 | D:4      | Acquired Okawaru's first power
  2877 | D:4      | Reached skill level 7 in Maces & Flails
  2974 | D:4      | Learned a level 2 spell: Stoneskin
  2981 | D:5      | Entered Level 5 of the Dungeon
  3058 | D:5      | Reached XP level 7. HP: 50/62 MP: 6/6
  3072 | D:5      | Found a viscous altar of Jiyva.
  3171 | D:5      | Fell from the grace of Okawaru
  3171 | D:5      | Became a worshipper of Jiyva Joufiwn the Shapeless
  3200 | D:5      | Got a slimy quarterstaff
  3204 | D:5      | Identified the cursed +1 quarterstaff of the Middle {freeze, rPois MR+ Dex-4} (You found it on level 5 of the Dungeon)
  3406 | D:5      | Reached skill level 8 in Maces & Flails
  3492 | D:5      | Noticed a merfolk impaler
  3492 | D:5      | Noticed a merfolk
  3492 | D:5      | Noticed a merfolk
  3506 | D:4      | HP: 3/62 [orc warrior/war axe of venom[the fury of Okawaru] (14)]
  3613 | D:5      | Noticed a minotaur
  3613 | D:5      | Noticed a naga warrior
  3613 | D:5      | Noticed a salamander mystic
  3744 | D:5      | Noticed a minotaur
  3752 | D:5      | Slain by a minotaur

Vault maps used:
D:1:      lightli_arrival_statuegarden, roderic_serpentine_path
D:2:      yredelemnul_forgotten_temple_becter
D:3:      elyvilon_altar_1, minmay_misc_feat_plants
D:4:      old_standard_altar, minmay_temple_entry_overgrown
D:5:      first_bread, jiyva_altar_1
Temple:   minmay_freezing_vapour_temple_12

Action                   |  1- 3 |  4- 6 |  7- 9 || total
-------------------------+-------+-------+-------++-------
Melee: Flail             |   152 |       |       ||   152
       War axe           |     1 |    92 |    17 ||   110
       Quarterstaff      |       |       |    38 ||    38
Throw: Throwing net      |       |       |     3 ||     3
 Cast: Stoneskin         |       |     1 |       ||     1
  Use: Scroll            |       |    10 |     1 ||    11
 Stab: Sleeping          |     1 |       |       ||     1
       Held in net/web   |       |       |     1 ||     1
  Eat: Chunk             |    16 |    11 |       ||    27
       Fruit             |     3 |       |       ||     3
       Bread ration      |     1 |       |       ||     1
